TOP OF THE 1ST |
Saint John's Red Storm batting - Pitching for Kansas Jayhawks : RHP Lawrence Bolton
|
Pitching: RHP Lawrence Bolton
|
|
Batting: SHB Roderick Thurman
|
0-0: Called Strike 0-1: Fly out, F7 (Flyball, 7LS)
|
Batting: LHB Robby Lawson
|
0-0: Called Strike 0-1: Ball 1-1: Swinging Strike 1-2: SINGLE (Groundball, 3S) (infield hit)
|
Batting: RHB Miguel Hernández
|
0-0: Foul Ball, location: 2F 0-1: Ball 1-1: Ball 2-1: Foul Ball, location: 2F 2-2: Ball 3-2: SINGLE (Flyball, 8LS) Robby Lawson to second Runner from 2nd tries for 3rd, SAFE, throw made to third
|
Batting: SHB Frank Kennedy
|
0-0: Foul Ball, location: 2F 0-1: Ball 1-1: Ball Wild Pitch! Robby Lawson scores Miguel Hernández to second 2-1: Called Strike 2-2: SINGLE (Groundball, 34D) Miguel Hernández to third Runner from 3rd tries for Home, SAFE, throw made home Frank Kennedy to second
|
Batting: RHB Jeffery Evans
|
0-0: Fly out, F7 (Flyball, 7LM)
|
Batting: SHB Michael O'Quigley
|
0-0: Ground out 4-3 (Groundball, 4)
|
Top of the 1st over - 2 run(s), 3 hit(s), 0 error(s), 1 left on base; Saint John's 2 - Kansas 0 |
BOTTOM OF THE 1ST |
Kansas Jayhawks batting - Pitching for Saint John's Red Storm : RHP Eddie Connors
|
Pitching: RHP Eddie Connors
|
|
Batting: LHB Kevin Grimes
|
0-0: Ball 1-0: Ball 2-0: Called Strike 2-1: Ball 3-1: Called Strike 3-2: Foul Ball, location: 2F 3-2: Fly out, F9 (Line Drive, 9)
|
Batting: LHB Francisco Blanco
|
0-0: Ball 1-0: Ball 2-0: Foul Ball, location: 2F 2-1: Foul Ball, location: 2F 2-2: Strikes out swinging
|
Batting: RHB Robbie Jenkins
|
0-0: Called Strike 0-1: Foul Ball, location: 2F 0-2: Foul Ball, location: 2F 0-2: Foul Ball, location: 2F 0-2: Ball 1-2: Foul Ball, location: 2F 1-2: SOLO HOME RUN (Flyball, 7D), Distance : 365 ft
|
Batting: LHB Victor Stuart
|
0-0: Ball 1-0: Foul Ball, location: 2F 1-1: Foul Ball, location: 2F 1-2: Foul Ball, location: 2F 1-2: Foul Ball, location: 2F 1-2: Ball 2-2: Foul Ball, location: 2F 2-2: Strikes out swinging
|
Bottom of the 1st over - 1 run(s), 1 hit(s), 0 error(s), 0 left on base; Saint John's 2 - Kansas 1 |
TOP OF THE 2ND |
Saint John's Red Storm batting - Pitching for Kansas Jayhawks : RHP Lawrence Bolton
|
Batting: RHB Sherman Cummings
|
0-0: Ground out 1-3 (Groundball, 15S)
|
Batting: SHB Ray O'Dell
|
0-0: Ball 1-0: Called Strike 1-1: Called Strike 1-2: Ground out 4-3 (Groundball, 4)
|
Batting: RHB Fred Wagner
|
0-0: Ball 1-0: Ball 2-0: Called Strike 2-1: Foul Ball, location: 2F 2-2: Foul Ball, location: 2F 2-2: Hit by Pitch
|
Batting: SHB Roderick Thurman
|
0-0: Called Strike 0-1: Foul Ball, location: 2F 0-2: Foul Ball, location: 2F 0-2: Foul Ball, location: 2F 0-2: Strikes out swinging
|
Top of the 2nd over - 0 run(s), 0 hit(s), 0 error(s), 1 left on base; Saint John's 2 - Kansas 1 |
BOTTOM OF THE 2ND |
Kansas Jayhawks batting - Pitching for Saint John's Red Storm : RHP Eddie Connors
|
Batting: RHB Johnny Hawson
|
0-0: Ball 1-0: Called Strike 1-1: Foul Ball, location: 2F 1-2: Ball 2-2: Ground out 6-3 (Groundball, 6)
|
Batting: RHB Cordell Grady
|
0-0: Foul Ball, location: 2F 0-1: Ball 1-1: Ball 2-1: SINGLE (Line Drive, 7LS)
|
Batting: RHB Jason Green
|
0-0: Called Strike 0-1: Ball 1-1: Swinging Strike 1-2: Ball 2-2: Ball 3-2: Fly out, F8 (Line Drive, 8RM)
|
Batting: RHB Dave Warren
|
0-0: Called Strike 0-1: Ball 1-1: Swinging Strike 1-2: Ball 2-2: Ball 3-2: Strikes out swinging
|
Bottom of the 2nd over - 0 run(s), 1 hit(s), 0 error(s), 1 left on base; Saint John's 2 - Kansas 1 |
TOP OF THE 3RD |
Saint John's Red Storm batting - Pitching for Kansas Jayhawks : RHP Lawrence Bolton
|
Batting: LHB Robby Lawson
|
0-0: Fly out, F7 (Flyball, 78M)
|
Batting: RHB Miguel Hernández
|
0-0: Called Strike 0-1: Foul Ball, location: 2F 0-2: Strikes out swinging
|
Batting: SHB Frank Kennedy
|
0-0: Called Strike 0-1: Ball 1-1: Swinging Strike 1-2: Ball 2-2: Ball 3-2: Fly out, F7 (Flyball, 7LM)
|
Top of the 3rd over - 0 run(s), 0 hit(s), 0 error(s), 0 left on base; Saint John's 2 - Kansas 1 |
BOTTOM OF THE 3RD |
Kansas Jayhawks batting - Pitching for Saint John's Red Storm : RHP Eddie Connors
|
Batting: RHB Sean Budgeford
|
0-0: SOLO HOME RUN (Flyball, 7D), Distance : 345 ft
|
Batting: LHB Kevin Grimes
|
0-0: Called Strike 0-1: Ball 1-1: Called Strike 1-2: Foul Ball, location: 2F 1-2: Ball 2-2: Ball 3-2: Base on Balls
|
Batting: LHB Francisco Blanco
|
0-0: Ball 1-0: Ball 2-0: Ball 3-0: Base on Balls Kevin Grimes to second
|
Batting: RHB Robbie Jenkins
|
0-0: Called Strike 0-1: Ball 1-1: Foul Ball, location: 2F 1-2: Foul Ball, location: 2F 1-2: Foul Ball, location: 2F 1-2: Foul Ball, location: 2F 1-2: Ball 2-2: SINGLE (Line Drive, 78M) Kevin Grimes to third Francisco Blanco to second Runner from 3rd tries for Home, throw and OUT!
|
Batting: LHB Victor Stuart
|
0-0: Called Strike 0-1: SINGLE (Line Drive, 4MD) Francisco Blanco to third Robbie Jenkins to second Runner from 3rd tries for Home, SAFE, no throw
|
Batting: RHB Johnny Hawson
|
0-0: Called Strike 0-1: Swinging Strike 0-2: Ball 1-2: Ball 2-2: SINGLE (Line Drive, 89M) Robbie Jenkins to third Victor Stuart to second
|
Batting: RHB Cordell Grady
|
0-0: Called Strike 0-1: Ball 1-1: Ball 2-1: Foul Ball, location: 2F 2-2: Fly out, F5 (Popup, 5S)
|
Pitching: LHP Clifford Mason
|
|
Batting: RHB Jason Green
|
0-0: Called Strike 0-1: Foul Ball, location: 2F 0-2: Foul Ball, location: 2F 0-2: Ball 1-2: Ball 2-2: Fly out, F9 (Flyball, 9S)
|
Bottom of the 3rd over - 2 run(s), 4 hit(s), 0 error(s), 3 left on base; Saint John's 2 - Kansas 3 |
TOP OF THE 4TH |
Saint John's Red Storm batting - Pitching for Kansas Jayhawks : RHP Lawrence Bolton
|
Batting: RHB Jeffery Evans
|
0-0: Foul Ball, location: 2F 0-1: Called Strike 0-2: Ground out 6-3 (Groundball, 6M)
|
Batting: SHB Michael O'Quigley
|
0-0: Called Strike 0-1: Ball 1-1: Ball 2-1: Called Strike 2-2: Strikes out looking
|
Batting: RHB Sherman Cummings
|
0-0: Ball 1-0: Ball 2-0: Swinging Strike 2-1: Foul Ball, location: 2F 2-2: Foul Ball, location: 2F 2-2: Ball 3-2: Foul Ball, location: 2F 3-2: Ground out 5-3 (Groundball, 5)
|
Top of the 4th over - 0 run(s), 0 hit(s), 0 error(s), 0 left on base; Saint John's 2 - Kansas 3 |
BOTTOM OF THE 4TH |
Kansas Jayhawks batting - Pitching for Saint John's Red Storm : LHP Clifford Mason
|
Batting: RHB Dave Warren
|
0-0: Ball 1-0: Foul Ball, location: 2F 1-1: Called Strike 1-2: Ball 2-2: Ball 3-2: Base on Balls
|
Batting: RHB Sean Budgeford
|
0-0: Ball 1-0: Ball 2-0: Ball 3-0: Base on Balls Dave Warren to second
|
Batting: LHB Kevin Grimes
|
0-0: Called Strike 0-1: Fielders Choice at 2nd, 3-6 (Groundball, 3) Dave Warren to third
|
Batting: LHB Francisco Blanco
|
0-0: Ball 1-0: Fly out, F8 (Flyball, 78M) Runner from 3rd tags up, SCORES, no throw
|
Batting: RHB Robbie Jenkins
|
0-0: Ball 1-0: Foul Ball, location: 2F 1-1: Foul Ball, location: 2F 1-2: Strikes out swinging
|
Bottom of the 4th over - 1 run(s), 0 hit(s), 0 error(s), 1 left on base; Saint John's 2 - Kansas 4 |
TOP OF THE 5TH |
Saint John's Red Storm batting - Pitching for Kansas Jayhawks : RHP Lawrence Bolton
|
Batting: SHB Ray O'Dell
|
0-0: Ball 1-0: Foul Ball, location: 2F 1-1: Ball 2-1: Ground out U3 (Groundball, 3S)
|
Batting: RHB Fred Wagner
|
0-0: Foul Ball, location: 2F 0-1: Ball 1-1: Fly out, F7 (Flyball, 7)
|
Batting: SHB Roderick Thurman
|
0-0: Ball 1-0: Called Strike 1-1: Swinging Strike 1-2: Strikes out swinging passed ball, reaches first!
|
Batting: LHB Robby Lawson
|
0-0: Called Strike 0-1: Ball 1-1: Ball 2-1: Fly out, F7 (Flyball, 7S)
|
Top of the 5th over - 0 run(s), 0 hit(s), 0 error(s), 1 left on base; Saint John's 2 - Kansas 4 |
BOTTOM OF THE 5TH |
Kansas Jayhawks batting - Pitching for Saint John's Red Storm : LHP Clifford Mason
|
Batting: LHB Victor Stuart
|
0-0: Called Strike 0-1: Foul Ball, location: 2F 0-2: Ball 1-2: Fly out, F8 (Flyball, 8RD)
|
Batting: RHB Johnny Hawson
|
0-0: Called Strike 0-1: Foul Ball, location: 2F 0-2: Strikes out swinging
|
Batting: RHB Cordell Grady
|
0-0: Called Strike 0-1: Swinging Strike 0-2: Ball 1-2: Strikes out swinging
|
Bottom of the 5th over - 0 run(s), 0 hit(s), 0 error(s), 0 left on base; Saint John's 2 - Kansas 4 |
TOP OF THE 6TH |
Saint John's Red Storm batting - Pitching for Kansas Jayhawks : RHP Lawrence Bolton
|
Batting: RHB Miguel Hernández
|
0-0: Foul Ball, location: 2F 0-1: Foul Ball, location: 2F 0-2: Ball 1-2: Strikes out swinging
|
Pitching: LHP Pete Shirley
|
|
Batting: SHB Frank Kennedy
|
0-0: Called Strike 0-1: Swinging Strike 0-2: Ball 1-2: Fly out, F6 (Popup, 6MD)
|
Batting: RHB Jeffery Evans
|
0-0: Ball 1-0: Ball 2-0: Ball 3-0: Base on Balls
|
Batting: SHB Michael O'Quigley
|
0-0: Called Strike 0-1: Called Strike 0-2: Ball Jeffery Evans steals 2nd base 1-2: Strikes out swinging
|
Top of the 6th over - 0 run(s), 0 hit(s), 0 error(s), 1 left on base; Saint John's 2 - Kansas 4 |
BOTTOM OF THE 6TH |
Kansas Jayhawks batting - Pitching for Saint John's Red Storm : LHP Clifford Mason
|
Batting: RHB Jason Green
|
0-0: Ground out 4-3 (Groundball, 4)
|
Batting: RHB Dave Warren
|
0-0: Ball 1-0: Ball 2-0: Ball 3-0: Called Strike 3-1: Foul Ball, location: 2F 3-2: Foul Ball, location: 2F 3-2: Strikes out swinging
|
Batting: RHB Sean Budgeford
|
0-0: Ball 1-0: Swinging Strike 1-1: Ball 2-1: Fly out, F8 (Line Drive, 8RM)
|
Bottom of the 6th over - 0 run(s), 0 hit(s), 0 error(s), 0 left on base; Saint John's 2 - Kansas 4 |
TOP OF THE 7TH |
Saint John's Red Storm batting - Pitching for Kansas Jayhawks : LHP Pete Shirley
|
Batting: RHB Sherman Cummings
|
0-0: Foul Ball, location: 2F 0-1: Swinging Strike 0-2: Strikes out looking
|
Batting: SHB Ray O'Dell
|
0-0: Ball 1-0: Foul Ball, location: 2F 1-1: Foul Ball, location: 2F 1-2: Strikes out looking
|
Batting: RHB Fred Wagner
|
0-0: Called Strike 0-1: Called Strike 0-2: Ball 1-2: Strikes out swinging
|
Top of the 7th over - 0 run(s), 0 hit(s), 0 error(s), 0 left on base; Saint John's 2 - Kansas 4 |
BOTTOM OF THE 7TH |
Kansas Jayhawks batting - Pitching for Saint John's Red Storm : LHP Clifford Mason
|
Batting: LHB Kevin Grimes
|
0-0: Ball 1-0: Swinging Strike 1-1: SINGLE (Flyball, 8RS)
|
Batting: LHB Francisco Blanco
|
0-0: Ball 1-0: Ball 2-0: Ball 3-0: Called Strike 3-1: Foul Ball, location: 2F 3-2: SINGLE (Flyball, 9LM) Kevin Grimes to second Runner from 2nd tries for 3rd, SAFE, no throw
|
Pitching: RHP John Lee
|
|
Batting: RHB Robbie Jenkins
|
0-0: Ball 1-0: Ball 2-0: Ball 3-0: Called Strike 3-1: Base on Balls Francisco Blanco to second
|
Batting: LHB Victor Stuart
|
0-0: Called Strike 0-1: Foul Ball, location: 2F 0-2: Ball 1-2: Foul Ball, location: 2F 1-2: Fly out, F8 (Line Drive, 8LD) Runner from 3rd tags up, SCORES, no throw Francisco Blanco to third
|
Batting: RHB Johnny Hawson
|
0-0: Fielders Choice at 2nd, 6-4 (Groundball, 56) Francisco Blanco scores
|
Batting: RHB Cordell Grady
|
0-0: Called Strike 0-1: Ball 1-1: Swinging Strike 1-2: Ground out 5-3 (Groundball, 56S)
|
Bottom of the 7th over - 2 run(s), 2 hit(s), 0 error(s), 1 left on base; Saint John's 2 - Kansas 6 |
TOP OF THE 8TH |
Saint John's Red Storm batting - Pitching for Kansas Jayhawks : LHP Pete Shirley
|
Batting: SHB Roderick Thurman
|
0-0: Called Strike 0-1: Ball 1-1: Ball 2-1: Called Strike 2-2: Fly out, F9 (Flyball, 89M)
|
Batting: LHB Robby Lawson
|
0-0: Ball 1-0: Swinging Strike 1-1: SINGLE (Groundball, 34D)
|
Batting: RHB Miguel Hernández
|
0-0: Called Strike 0-1: Swinging Strike 0-2: Foul Ball, location: 2F 0-2: Strikes out looking
|
Batting: SHB Frank Kennedy
|
0-0: Foul Ball, location: 2F 0-1: Ball 1-1: Foul Ball, location: 2F 1-2: Ball 2-2: Fly out, F7 (Flyball, 78S)
|
Top of the 8th over - 0 run(s), 1 hit(s), 0 error(s), 1 left on base; Saint John's 2 - Kansas 6 |
BOTTOM OF THE 8TH |
Kansas Jayhawks batting - Pitching for Saint John's Red Storm : RHP John Lee
|
Batting: RHB Jason Green
|
0-0: Ball 1-0: Ball 2-0: Ball 3-0: Called Strike 3-1: Base on Balls
|
Batting: RHB Dave Warren
|
0-0: Ground out 5-3 (Groundball, 56S) Jason Green to second
|
Batting: RHB Sean Budgeford
|
0-0: Ball Jason Green steals 3rd base 1-0: Called Strike 1-1: Ball 2-1: SINGLE (Line Drive, 34D) Jason Green scores
|
Batting: LHB Kevin Grimes
|
0-0: Ball 1-0: Foul Ball, location: 2F 1-1: Swinging Strike 1-2: Strikes out looking
|
Batting: LHB Francisco Blanco
|
0-0: Called Strike 0-1: Ground out 4-3 (Groundball, 34D)
|
Bottom of the 8th over - 1 run(s), 1 hit(s), 0 error(s), 1 left on base; Saint John's 2 - Kansas 7 |
TOP OF THE 9TH |
Saint John's Red Storm batting - Pitching for Kansas Jayhawks : LHP Pete Shirley
|
Now at 2B: Mike Hill
|
|
Batting: RHB Jeffery Evans
|
0-0: Ball 1-0: Called Strike 1-1: Called Strike 1-2: Ball 2-2: SINGLE (Flyball, 34D)
|
Batting: SHB Michael O'Quigley
|
0-0: Swinging Strike 0-1: Ball 1-1: Ball 2-1: Swinging Strike 2-2: SINGLE (Groundball, 56S) (infield hit) Jeffery Evans to second
|
Pitching: RHP Alfredo Ayala
|
|
Batting: RHB Sherman Cummings
|
0-0: Ball 1-0: Foul Ball, location: 2F 1-1: Called Strike 1-2: Strikes out looking
|
Batting: SHB Ray O'Dell
|
0-0: Called Strike 0-1: Foul Ball, location: 2F 0-2: Foul Ball, location: 2F 0-2: Ball 1-2: Ball 2-2: Strikes out swinging
|
Batting: RHB Fred Wagner
|
0-0: Called Strike 0-1: Ball 1-1: Fly out, F9 (Flyball, 9LM)
|
Top of the 9th over - 0 run(s), 2 hit(s), 0 error(s), 2 left on base; Saint John's 2 - Kansas 7 |
|